Map: Dead of Night

Players

Alebay

  • Race: Protoss Protoss
  • Spawn Location: 0:00

MattBarry

  • Race: Protoss Protoss
  • League: Gold
  • Spawn Location: 0:00

VOD

Have the link to the VOD?

Description

Time

  • Played on: Jan. 23, 2023, 11:21 p.m.
  • Length: 22:05
Show
View Real Time Build Order
Export as new Build Order

Alebay Protoss 

Build Orders:  

Get SALT Encoding   

  12  0:02  Probe (Chrono Boost)  
  13  0:16  Probe (Chrono Boost)  
  14  0:26  Pylon  
  14  0:29  Probe (Chrono Boost)  
  15  0:42  Probe (Chrono Boost)  
  16  0:51  Assimilator  
  16  0:55  Probe (Chrono Boost)  
  17  1:08  Probe (Chrono Boost)  
  18  1:11  Gateway  
  18  1:13  Forge  
  18  1:21  Probe (Chrono Boost)  
  19  1:33  Pylon  
  19  1:34  Probe (Chrono Boost)  
  20  1:47  Probe (Chrono Boost)  
  21  1:53  Cybernetics Core  
  21  2:00  Probe (Chrono Boost)  
  21  2:02  Assimilator  
  22  2:13  Probe (Chrono Boost)  
  22  2:16  Legionnaire  
  26  2:26  Pylon, Probe (Chrono Boost)  
  27  2:33  Kaldalis' A.I. Personality  
  27  2:39  Probe (Chrono Boost)  
  28  2:46  Pylon  
  28  2:52  Probe (Chrono Boost)  
  28  2:55  Warp Gate  
  29  3:00  Legionnaire  
  32  3:14  Purifier Armaments  
  32  3:16  Probe (Chrono Boost)  
  33  3:25  Talis' A.I. Personality  
  33  3:29  Probe (Chrono Boost)  
  34  3:36  Adept  
  36  3:42  Probe (Chrono Boost)  
  36  3:48  Assimilator  
  37  3:56  Probe (Chrono Boost)  
  38  4:09  Probe (Chrono Boost)  
  39  4:22  Probe (Chrono Boost)  
  39  4:25  Pylon  
  39  4:28  Protoss Ground Weapons Level 1  
  39  4:29  Pylon  
  40  4:34  Adept  
  40  4:35  Probe (Chrono Boost)  
  43  4:48  Probe (Chrono Boost)  
  44  5:02  Legionnaire  
  44  5:04  Probe (Chrono Boost)  
  48  5:14  Gateway  
  48  5:17  Gateway x2  
  48  5:35  Legionnaire  
  51  5:55  Probe (Chrono Boost)  
  52  6:16  Legionnaire  
  52  6:45  Adept  
  52  6:46  Adept x2  
  55  7:02  Adept  
  54  7:20  Adept x3  
  54  7:29  Pylon  
  57  7:31  Pylon  
  57  7:32  Observation Protocol, Pylon  
  57  7:36  Adept  
  59  7:54  Protoss Ground Armor Level 1  
  59  7:58  Pylon  
  59  8:02  Stargate  
  59  8:04  Stargate  
  59  8:08  Adept x4, Stargate  
  67  8:12  Fleet Beacon  
  60  9:04  Adept x3  
  60  9:05  Adept  
  66  9:13  Carrier x2  
  66  9:14  Carrier  
  80  9:22  Twilight Council  
  80  9:52  Adept x4  
  74  10:36  Psionic Projection  
  72  10:43  Adept  
  72  10:44  Adept x3  
  80  10:57  Graviton Catapult  
  80  11:14  Pylon  
  80  11:15  Pylon  
  80  11:17  Pylon  
  80  11:19  Clolarion's A.I. Personality  
  86  11:22  Debilitation System  
  86  11:35  Adept x3  
  92  12:25  Adept x2  
  92  12:26  Adept x2  
  86  12:43  Carrier  
  78  12:55  Adept  
  78  12:56  Adept x3  
  87  13:31  Adept  
  87  13:32  Adept x2  
  87  13:34  Adept  
  87  13:38  Carrier  
  80  14:18  Adept x2  
  80  14:19  Adept x2  
  82  15:03  Charge  
  82  15:05  Legionnaire x2  
  82  15:06  Legionnaire x2  
  92  15:22  Protoss Air Weapons Level 1  
  92  15:29  Legionnaire  
  95  15:30  Legionnaire x3  
  95  15:37  Probe (Chrono Boost)  
  91  15:49  Empowered Blades  
  91  15:54  Probe (Chrono Boost)  
  91  16:11  Probe (Chrono Boost)  
  91  16:20  Legionnaire x4  
  91  16:28  Probe (Chrono Boost)  
  83  16:51  Legionnaire x4  
  74  17:27  Legionnaire x3  
  81  17:37  Probe (Chrono Boost)  
  76  17:54  Adept x3, Probe (Chrono Boost)  
  76  17:55  Adept  
  85  19:04  Adept x4  
Show
View Real Time Build Order
Export as new Build Order

MattBarry Protoss 

Build Orders:  

Get SALT Encoding   

  12  0:05  Probe (Chrono Boost)  
  13  0:22  Pylon  
  14  0:40  Probe (Chrono Boost)  
  14  0:54  Probe (Chrono Boost)  
  14  0:55  Assimilator  
  15  1:08  Probe (Chrono Boost)  
  15  1:09  Gateway  
  16  1:22  Probe (Chrono Boost)  
  17  1:36  Probe (Chrono Boost)  
  12  1:50  Probe (Chrono Boost)  
  19  2:03  Probe (Chrono Boost)  
  19  2:09  Pylon  
  20  2:17  Probe (Chrono Boost)  
  21  2:21  Cybernetics Core  
  21  2:25  Pylon  
  21  2:36  Probe (Chrono Boost)  
  22  2:41  Assimilator  
  22  2:47  Assimilator  
  23  2:50  Probe (Chrono Boost)  
  23  2:53  Supplicant x2  
  27  3:04  Probe (Chrono Boost)  
  28  3:13  Warp Gate  
  28  3:15  Gateway  
  28  3:17  Probe (Chrono Boost)  
  29  3:31  Probe (Chrono Boost)  
  29  3:32  Gateway  
  30  3:40  Supplicant x2  
  30  3:47  Probe (Chrono Boost)  
  35  4:01  Probe (Chrono Boost)  
  35  4:05  Pylon  
  36  4:10  Pylon  
  36  4:29  Havoc  
  35  4:58  Forge  
  35  5:02  Forge  
  35  5:04  Death Council  
  35  5:09  Robotics Facility  
  35  5:23  Slayer  
  35  5:25  Supplicant x4  
  42  6:16  Supplicant x6  
  52  6:48  Vanguard  
  48  7:23  Photon Cannon  
  48  7:27  Photon Cannon  
  48  7:41  Warp Prism, Havoc  
  48  7:42  Havoc  
  52  8:03  Probe (Chrono Boost)  
  53  8:14  Gateway  
  53  8:17  Gateway  
  54  8:20  Probe (Chrono Boost)  
  54  8:21  Blood Shields  
  54  8:22  Pylon  
  54  8:27  Pylon  
  54  8:29  Pylon  
  50  8:37  Probe (Chrono Boost)  
  47  8:54  Probe (Chrono Boost)  
  43  9:11  Probe (Chrono Boost)  
  43  9:15  Supplicant x2  
  43  9:16  Supplicant x4  
  55  9:21  Soul Augmentation  
  55  9:31  Gateway  
  55  9:34  Gateway  
  55  9:37  Gateway  
  55  9:40  Supplicant x2  
  55  9:49  Supplicant x2  
  57  10:13  Supplicant x2  
  57  10:14  Supplicant x2  
  57  10:15  Supplicant x2  
  35  11:16  Robotics Bay  
  35  11:31  Robotics Facility  
  35  11:35  Robotics Facility  
  35  11:39  Robotics Facility  
  33  11:47  Supplicant x2  
  33  11:48  Supplicant x6  
  49  11:52  Havoc  
  49  11:56  Havoc  
  51  12:12  Bloodshard Resonance  
  51  12:39  Probe (Chrono Boost)  
  49  12:56  Probe (Chrono Boost)  
  49  13:11  Wraithwalker  
  49  13:13  Probe (Chrono Boost)  
  49  13:19  Gateway  
  55  13:37  Supplicant x2  
  55  13:38  Supplicant x6  
  46  13:56  Supplicant x2  
  46  13:57  Supplicant x2  
  46  13:58  Supplicant x4  
  62  14:00  Supplicant x2  
  51  14:39  Supplicant x2  
  55  14:40  Supplicant x2  
  55  14:41  Supplicant x4  
  55  14:42  Supplicant x2  
  60  15:02  Wraithwalker  
  67  15:13  Probe (Chrono Boost)  
  67  15:16  Warp Prism  
  70  15:30  Probe (Chrono Boost)  
  45  16:26  Supplicant x2  
  45  16:27  Supplicant x2  
  53  16:37  Probe (Chrono Boost)  
  44  16:53  Havoc, Probe (Chrono Boost)  
  42  17:05  Supplicant x6  
  51  17:10  Probe (Chrono Boost)  
  49  17:27  Probe (Chrono Boost)  
  38  17:39  Supplicant x2  
  38  17:40  Supplicant x4  
  42  17:44  Probe (Chrono Boost)  
  28  18:17  Supplicant x4  
  36  18:23  Probe (Chrono Boost)  
  37  18:37  Probe (Chrono Boost)  
  34  18:51  Probe (Chrono Boost)  
  34  18:55  Vanguard  
  30  19:43  Slayer x2  
Tags
 
Commander
AlarakFenix
League
Gold
Matchup
Co-op
Replay Pack
Multiplayer
Add a new tag
Caveats
  • Supply blocks, unpowered buildings, or Contaminate may cause inaccurate times.
  • Supply counts are checked every 10 seconds.